 Dungeon Crawl Stone Soup version 0.30.0-5-g1a98f26d00 (webtiles) character file.

Game seed: 2923032695050468869

504 Irreverend the Conjurer (level 6, -5/32 HPs)
             Began as a Deep Elf Conjurer on May 11, 2023.
             Succumbed to a scorpion's poison
             ... on level 4 of the Dungeon.
             The game lasted 00:09:13 (4763 turns).

Irreverend the Conjurer (Deep Elf Conjurer)         Turns: 4763, Time: 00:09:13

Health: -5/32      AC:  2    Str:  4    XL:     6   Next: 96%
Magic:  0/17       EV: 12    Int: 25    God:
Gold:   127        SH:  0    Dex: 13    Spells: 10/17 levels left

rFire   . . .        (no weapon)
rCold   . . .        (no shield)
rNeg    . . .        a - +0 robe
rPois   .            (no helmet)
rElec   .            (no cloak)
rCorr   .            (no gloves)
SInv    .            (no boots)
Will    .....        (no amulet)
Stlth   ++           (no ring)
HPRegen 0.25/turn    (no ring)
MPRegen 0.15/turn

%: no passive effects
@: lethally poisoned (-5 -> -34)
A: no striking features
a: no special abilities


You were on level 4 of the Dungeon.
You visited 1 branch of the dungeon, and saw 4 of its levels.

You collected 127 gold pieces.

Inventory:

Armour
 a - a +0 robe (worn)
Jewellery
 f - an amulet of faith
 r - a ring of willpower
Wands
 l - a wand of roots (9)
Scrolls
 c - 3 scrolls of identify {unknown}
 g - a scroll of amnesia {unknown}
 h - 2 scrolls of enchant weapon {unknown}
 k - a scroll of teleportation {unknown}
 m - 2 scrolls of blinking {unknown}
 q - 2 scrolls of brand weapon {unknown}
Potions
 b - a potion of magic
 d - a potion of curing {unknown}
 e - 2 potions of might {unknown}
 i - 2 potions of attraction {unknown}
 j - 2 potions of cancellation {unknown}
 n - a potion of degeneration {unknown}
 o - 2 potions of brilliance {unknown}
 p - a potion of invisibility {unknown}


   Skills:
 - Level 2.4 Dodging
 - Level 2.4 Stealth
 - Level 6.4 Spellcasting
 + Level 7.2 Conjurations
 + Level 3.3 Hexes


You had 10 spell levels left.
You knew the following spells:

 Your Spells              Type           Power      Damage    Failure   Level
a - Magic Dart            Conj           100%       1d8       1%          1
b - Searing Ray           Conj           88%        2d7       1%          2
c - Fulminant Prism       Conj/Hex       17%        3d10      9%          4

Your spell library contained the following spells:

 Spells                   Type           Power      Damage    Failure   Level
 Dazzling Flash           Conj/Hex       68%        N/A       2%          3
 Stone Arrow              Conj/Erth      52%        3d10      4%          3
 Sandblast                Erth           16%        2d6       7%          1
 Passwall                 Tmut/Erth      6%         N/A       11%         2
 Iskenderun's Mystic Bla  Conj/Tloc      26%        2d7       16%         4
 Vhi's Electric Charge    Tloc/Air       16%        N/A       22%         3
 Arcjolt                  Conj/Air       13%        1d23      41%         5
 Plasma Beam              Fire/Air       4%         2x1d15    100%        6


Dungeon Overview and Level Annotations

Branches:
Dungeon (4/15)
 Temple: D:4-7

Altars:
Gozag


Message History

The searing ray hits the ufetubus.
The ufetubus is heavily wounded.
The searing ray hits the scorpion.
The scorpion is lightly wounded. (Press . to maintain the ray.)
The ufetubus closely misses you. The ufetubus misses you.
The ufetubus attacks as you move away! The ufetubus closely misses you.
The ufetubus hits you.
The ufetubus hits you but does no damage.
The ufetubus completely misses you. The ufetubus attacks as you move away!
The ufetubus closely misses you. x2
The scorpion attacks as you move away! The scorpion stings you.
You are poisoned.
The scorpion poisons you!
You feel very sick. The ufetubus hits you. The ufetubus barely misses you.
The scorpion barely misses you.
Casting: Searing Ray (safe; 1% risk of failure)
Confirm with . or Enter, or press ? or * to list all spells.
Aiming: Fulminant Prism (quite dangerous; 9% risk of failure)
Press: ? - help, Dir - move target, p - ufetubus You conjure a prism of explosive energy!
A fulminant prism comes into view.
You feel very sick.
The ufetubus barely misses you. x2; The scorpion stings you!
You are lethally poisoned!
The scorpion poisons you!
* * * LOW HITPOINT WARNING * * *
You feel very sick. The ufetubus hits you.
* * * LOW HITPOINT WARNING * * *
The ufetubus hits you.
* * * LOW HITPOINT WARNING * * *
The scorpion stings you.
* * * LOW HITPOINT WARNING * * *
You are more poisoned.
The scorpion poisons you! The ufetubus completely misses you.
The ufetubus closely misses you.
Your fulminant prism crackles loudly.
You die...

... #.....###########
#.....#.........#
#.....#.........#
#.....#......)..#
.####..............<#
....#...............#
#)................#
#...@.....########
###.5s*...#
##..#(.### . #.....##
... #.#..##
.....##.#.##
....รทรท..#.#
.....###..#
.....###..#


You could see a scorpion (ally target), an ufetubus and a friendly fulminant
prism.

Vanquished Creatures
  Sigmund (D:4)
  A scorpion (D:3)
  2 sleepcaps (D:4)
  3 gnolls (D:2)
  6 adders
  6 worms
  3 dart slugs
  6 orcs (D:3)
  7 endoplasms
  2 giant cockroaches
  5 hobgoblins
  15 jackals
  2 quokkas (D:1)
  8 ball pythons
  7 bats
  5 frilled lizards
  6 goblins
  17 kobolds
  8 rats
110 creatures vanquished.

Vanquished Creatures (others)
  3 fulminant prisms (D:4)
3 creatures vanquished.

Grand Total: 113 creatures vanquished

Notes
Turn   | Place    | Note
-------+----------+-------------------------------------------
     0 | D:1      | Irreverend the Deep Elf Conjurer began the quest for the
                  | Orb.
     0 | D:1      | Reached XP level 1. HP: 10/10 MP: 6/6
   285 | D:1      | Reached XP level 2. HP: 15/15 MP: 5/8
   387 | D:1      | Learned a level 2 spell: Searing Ray
   920 | D:1      | Reached XP level 3. HP: 18/19 MP: 0/10
  1059 | D:1      | Reached skill level 5 in Conjurations
  1964 | D:2      | Reached XP level 4. HP: 24/24 MP: 9/12
  2134 | D:2      | Reached skill level 5 in Spellcasting
  2595 | D:2      | Reached XP level 5. HP: 28/28 MP: 10/14
  2906 | D:3      | Found an opulent altar of Gozag.
  3513 | D:3      | Reached skill level 6 in Conjurations
  4516 | D:4      | Reached XP level 6. HP: 32/32 MP: 11/17
  4576 | D:4      | Noticed Sigmund
  4631 | D:3      | Learned a level 4 spell: Fulminant Prism
  4637 | D:4      | Killed Sigmund
  4638 | D:4      | Reached skill level 7 in Conjurations
  4763 | D:4      | Succumbed to a scorpion's poison

Illustrated notes

Levels and vault maps discovered:
D:1:      lightli_arrival_statue_moat, layout_rooms
D:2:      layout_basic, grunt_ministairs_9, chequers_garden,
          minmay_crystal_room, corexii_corridor_pit, minmay_quadrilaterals
D:3:      layout_loops_corners, nicolae_gozag_seed_capital, minmay_circle_x
D:4:      layout_rooms, bh_walls_and_bars, uniq_pikel, uniq_sigmund

Skill      XL: |  1  2  3  4  5  6 |
---------------+-------------------+-----
Spellcasting   | 4 5 6 |  6.4
Conjurations   | 5 6 7 |  7.2
Hexes          | 3 |  3.3
Dodging        | |  2.4
Stealth        | |  2.4

Action                     |  1- 3 |  4- 6 || total
---------------------------+-------+-------++-------
  Melee: Unarmed           |     5 |       ||     5
   Cast: Magic Dart        |    80 |    27 ||   107
         Searing Ray       |    10 |    40 ||    50
         Fulminant Prism   |       |     4 ||     4
 Armour: Robe              |    13 |     5 ||    18
  Dodge: Dodged            |    43 |    25 ||    68
